 Dungeon Crawl Stone Soup version 0.22-a0-93-g6b88ebb (webtiles) character file.

951263 schizoid the Infernalist (level 27, 0/219 HPs)
             Began as a Barachi Monk on Jan 22, 2018.
             Was the Champion of Makhleb.
             Killed by the air
             ... invoked by a blizzard demon
              (16 damage)
             ... on level 19 of a ziggurat on Jan 23, 2018.
             The game lasted 06:40:33 (72289 turns).

schizoid the Infernalist (Barachi Monk)            Turns: 72289, Time: 06:40:35

Health: 0/219      AC: 37    Str: 25    XL:     27
Magic:  34/54      EV: 27    Int: 34    God:    Makhleb [******]
Gold:   7233       SH: 19    Dex: 15    Spells: 19/80 levels left

rFire    + + .     SeeInvis +   a - +7 broad axe "Myazyjif" {speed, +Rage rPois Str+2 Int+7}
rCold    + + .     Gourm    .   q - +2 shield of Resistance {rF+ rC+ MR+}
rNeg     + + +     Faith    .   H - +9 pearl dragon scales of Heresy {rElec rN+ Int+5}
rPois    +         Spirit   .   g - +0 mask of the Dragon {MR+ Slay+3 SInv}
rElec    +         Reflect  .   C - +1 cloak of Starlight {rElec rC+ EV+4 Stlth--}
rCorr    +         Harm     .   m - +1 pair of gloves "Bygyagaq" {rElec rN+++ rCorr Dex-3}
MR       ++++.                  x - +2 pair of boots of Ashenzari's Reproof {Int+4}
Stlth    ++........             s - amulet "Ichecoh" {+Fly Regen+}
HPRegen  0.86/turn              t - ring "Riew Osh" {rPois rF+ Str+5 Stlth-}
MPRegen  0.34/turn              S - ring of the Octopus King {Wiz AC+1 EV+1 Str+1 Int+1 Dex+1}

@: sap magic, can't hop, silenced, slow
A: +LOS, swims, claws 1, slowness 1, wild magic 2, strong legs 2
}: 4/15 runes: barnacled, slimy, silver, gossamer
a: Hop, Renounce Religion, Evoke Berserk Rage, Evoke Flight


You were on level 19 of a ziggurat.
You worshipped Makhleb.
Makhleb was exalted by your worship.
You were not hungry.

You visited 11 branches of the dungeon, and saw 53 of its levels.
You visited the Abyss 3 times.
You visited 2 ziggurats (completing 1), and saw 46 of their levels.
You also visited: Bailey.

You collected 9340 gold pieces.
You spent 2107 gold pieces at shops.

Inventory:

Hand Weapons
 a - the +7 broad axe "Myazyjif" (weapon) {speed, +Rage rPois Str+2 Int+7}
   (You found it on level 3 of the Elven Halls)

   Attacks with this weapon are significantly faster.
   It affects your strength (+2).
   It affects your intelligence (+7).
   It protects you from poison.
   It lets you go berserk.
 b - the +7 broad axe "Osesuos" {venom, rPois rF+++ MR++ Str-3}
   (Okawaru gifted it to you on level 4 of the Spider Nest)

   It poisons the flesh of those it strikes.
   It affects your strength (-3).
   It renders you almost immune to fire.
   It protects you from poison.
   It affects your resistance to hostile enchantments.
Armour
 g - the +0 mask of the Dragon (worn) {MR+ Slay+3 SInv}
   (You found it on level 23 of a ziggurat)

   It affects your accuracy and damage with ranged weapons and melee attacks
   (+3).
   It affects your resistance to hostile enchantments.
   It lets you see invisible.
 m - the +1 pair of gloves "Bygyagaq" (worn) {rElec rN+++ rCorr Dex-3}
   (Okawaru gifted it to you on level 1 of the Depths)

   It affects your dexterity (-3).
   It insulates you from electricity.
   It renders you almost immune to negative energy.
   It protects you from acid and corrosion.
 q - the +2 shield of Resistance (worn) {rF+ rC+ MR+}
   (You found it on level 26 of a ziggurat)

   It protects you from fire.
   It protects you from cold.
   It affects your resistance to hostile enchantments.
 x - the +2 pair of boots of Ashenzari's Reproof (worn) {Int+4}
   (You found it on level 13 of the Dungeon)

   It affects your intelligence (+4).
 A - a +0 shield of reflection
 C - the +1 cloak of Starlight (worn) {rElec rC+ EV+4 Stlth--}
   (You found it on level 13 of the Dungeon)

   It affects your evasion (+4).
   It protects you from cold.
   It insulates you from electricity.
   It makes you much less stealthy.
 H - the +9 pearl dragon scales of Heresy (worn) {rElec rN+ Int+5}
   (You found it on level 17 of a ziggurat)

   It affects your intelligence (+5).
   It insulates you from electricity.
   It protects you from negative energy.
 Q - a +0 large shield of reflection
Jewellery
 f - the ring of Qerruura {MR+ MP+9 Int+4}
   (You took it off a yaktaur captain on level 13 of the Dungeon)

   [ring of magical power]

   It affects your intelligence (+4).
   It affects your resistance to hostile enchantments.
   It affects your magic capacity (+9).
 n - an uncursed ring of resist corrosion
 p - the ring of Idealism {Fire Int+5}
   (You bought it in a shop on level 2 of the Orcish Mines)

   [ring of fire]

   It enhances your fire magic.
   It affects your intelligence (+5).
   It protects you from fire.
   It makes you vulnerable to cold.
 r - the ring of Rede {rPois rC++ MR+}
   (You found it on level 20 of a ziggurat)

   [ring of protection from magic]

   It greatly protects you from cold.
   It protects you from poison.
   It affects your resistance to hostile enchantments.
 s - the amulet "Ichecoh" (around neck) {+Fly Regen+}
   (You found it on level 16 of a ziggurat)

   [amulet of regeneration]

   It lets you fly.
   It increases your rate of regeneration.
 t - the ring "Riew Osh" (left hand) {rPois rF+ Str+5 Stlth-}
   (You found it on level 4 of a ziggurat)

   [ring of loudness]

   It affects your strength (+5).
   It protects you from fire.
   It protects you from poison.
   It makes you less stealthy.
 z - the ring of Pyromania {rC+ EV+2}
   (You found it on level 12 of a ziggurat)

   [ring of evasion]

   It affects your evasion (+2).
   It protects you from cold.
 F - the ring "Vuttefitt" {rElec rPois rN+ Int+3 Stlth-}
   (You found it on level 11 of a ziggurat)

   [ring of positive energy]

   It affects your intelligence (+3).
   It insulates you from electricity.
   It protects you from poison.
   It protects you from negative energy.
   It makes you less stealthy.
 P - the ring "Null" {+Inv MR+ Dex-4 SInv}
   (You found it on level 14 of a ziggurat)

   [ring of see invisible]

   It affects your dexterity (-4).
   It affects your resistance to hostile enchantments.
   It lets you see invisible.
   It lets you turn invisible.
 S - a ring of the Octopus King (right hand) {Wiz AC+1 EV+1 Str+1 Int+1 Dex+1}
   (You found it on level 17 of a ziggurat)

   [ring of wizardry]

   It improves your spell success rate.
   It affects your AC (+1).
   It affects your evasion (+1).
   It affects your strength (+1).
   It affects your intelligence (+1).
   It affects your dexterity (+1).
 V - the ring "Lirriok" {+Blink Slay+3}
   (You found it on level 3 of the Elven Halls)

   [ring of slaying]

   It affects your accuracy and damage with ranged weapons and melee attacks
   (+3).
   It lets you blink.
 X - the ring "Cogungogg" {Slay+5 Stlth+}
   (You found it on level 18 of a ziggurat)

   [ring of stealth]

   It affects your accuracy and damage with ranged weapons and melee attacks
   (+5).
   It makes you more stealthy.
 Z - the ring "Umuin" {rElec MR+++ MP+9 Int+4 Dex-3}
   (You found it on level 18 of a ziggurat)

   [ring of intelligence]

   It affects your intelligence (+4).
   It affects your dexterity (-3).
   It insulates you from electricity.
   It affects your resistance to hostile enchantments.
   It affects your magic capacity (+9).
Wands
 l - a wand of clouds (19)
Scrolls
 c - 21 scrolls of blinking
 i - 2 scrolls of identify
 j - 14 scrolls of amnesia
 o - 11 scrolls of holy word
 w - 24 scrolls of enchant armour
 G - 25 scrolls of enchant weapon
 J - 38 scrolls of remove curse
 K - 8 scrolls of fear
 L - 21 scrolls of fog
 M - 56 scrolls of teleportation
 R - 4 scrolls of summoning
 Y - 4 scrolls of silence
Potions
 e - a potion of might
 h - 6 potions of agility
 k - 11 potions of flight
 u - 3 potions of cancellation
 B - 24 potions of curing
 D - 9 potions of haste
 E - 20 potions of mutation
 I - 2 potions of invisibility
 N - 15 potions of heal wounds
 O - 4 potions of resistance
 T - a potion of berserk rage
 U - 9 potions of ambrosia
 W - 3 potions of brilliance
Books
 y - a book of Annihilations

   Spells                             Type                      Level
   a - Poison Arrow                   Conjuration/Poison           6
   b - Chain Lightning                Conjuration/Air              8
   c - Lehudib's Crystal Spear        Conjuration/Earth            8
   d - Glaciate                       Conjuration/Ice              9
   e - Fire Storm                     Conjuration/Fire             9
Comestibles
 d - 100 rations


   Skills:
 + Level 18.6 Fighting
 + Level 18.3 Axes
 + Level 18.6 Armour
 + Level 18.4 Dodging
 + Level 16.5 Stealth
 + Level 22.0 Shields
 O Level 27 Spellcasting
 * Level 24.9 Conjurations
 O Level 27 Fire Magic
 * Level 25.9 Ice Magic
 - Level 9.6 Invocations


You had 19 spell levels left.
You knew the following spells:

 Your Spells              Type           Power        Failure   Level  Hunger
a - Ignition              Fire           #########.   1%          8    None
b - Fire Storm            Conj/Fire      #########.   4%          9    ###....
c - Glaciate              Conj/Ice       #########.   4%          9    ###....
d - Mephitic Cloud        Conj/Pois/Air  ########     1%          3    None
e - Conjure Flame         Conj/Fire      ########     1%          3    None
f - Summon Butterflies    Summ           ######..     1%          1    None
g - Swiftness             Chrm/Air       ######..     1%          2    None
h - Blink                 Tloc           N/A          1%          2    None
i - Apportation           Tloc           ######       1%          1    None
j - Statue Form           Tmut/Erth      ######...    58%         6    None
k - Controlled Blink      Tloc           N/A          100%        8    None
l - Freeze                Ice            ####         1%          1    None
m - Lehudib's Crystal Sp  Conj/Erth      ########..   24%         8    None


Dungeon Overview and Level Annotations

Branches:
Dungeon (15/15)            Temple (1/1) D:6            Lair (6/6) D:11
 Shoals (4/4) Lair:3       Spider (4/4) Lair:4        Slime (5/5) Lair:6
    Orc (2/2) D:9             Elf (3/3) Orc:2        Vaults (5/5) D:14
  Crypt (3/3) Vaults:2       Tomb (0/3) Crypt:3      Depths (5/5) D:15
    Zot (0/5) Depths:5

Altars:
Ashenzari
Cheibriados
Dithmenos
Elyvilon
Fedhas
Gozag
Hepliaklqana
Kikubaaqudgha
Makhleb
Nemelex Xobeh
Okawaru
Qazlal
Ru
Sif Muna
Trog
Uskayaw
Vehumet
Wu Jian
Xom
Yredelemnul
Zin
The Shining One
Beogh
Jiyva

Shops:
D:9 *   D:12 [   D:15 *   Orc:2 (=*[   Shoals:2 *   Vaults:5 %%

Portals:
Hell: Depths:1 Depths:2 Depths:3 Depths:4 Depths:5
Abyss: Depths:3 Depths:4 Depths:5
Pandemonium: Depths:3

Annotations:
D:3 GrunderHorse's ghost, amateur MfBe
D:13 3 runed doors
Depths:4 8 runed doors


Innate Abilities, Weirdness & Mutations

Shadows flee at your approach. (+LOS)
You can swim through water.
You cover ground slowly.
You can hop long distances.
You have sharp fingernails.
Your spells are harder to cast, but more powerful.


Message History

The monstrous blood saint gores you but does no damage.
You feel much better.
The monstrous demonspawn burns!
The tormentor calls on the powers of darkness!
The deep elf high priest convulses!
Your body is wracked with pain!
* * * LOW HITPOINT WARNING * * *
You block the reaper's attack. You block the lorocyproca's attack.
You block the balrug's attack.
The infernal black sun hits you with a mace of protection.
* * * LOW HITPOINT WARNING * * *
You are engulfed in flames!
You resist.
* * * LOW HITPOINT WARNING * * *
You resist.
The Ice Fiend calls on the powers of darkness!
The deep elf high priest convulses! x2; Your body is wracked with pain!
* * * LOW HITPOINT WARNING * * *
The cacodemon gestures at you. You resist with almost no effort.
The Hell Sentinel closely misses you. x2
The blizzard demon waves its arms in wide circles.
The air twists around and strikes you!
You die...

▓▓........... ▓▓
▓▓..##.......##..▓
▓▓...#.........#...
▓▓............2125.:
▓▓.........3.1e6636.:
▓▓..........36612125.2
▓.∩.........3622261.6)
▓▓.........e126&2214.?
▓▓........22@6622221!
▓▓........266.32.2..
▓▓...#....622..#2..
▓▓..##.......## ▓
▓▓..........4..
▓▓...........▓
▓▓▓▓▓▓▓▓▓▓▓▓▓


You could see Nalyuhoel, a Hell Sentinel, 4 Tzitzimimeh, a monstrous demonspawn
(burning), a Brimstone Fiend, an Ice Fiend, 3 cacodemons, 3 demonspawn, a hell
beast, 3 lorocyprocas, 2 reapers, 4 balrugs, 3 green deaths, 4 demonspawn, 3
demonspawn, an Executioner, 4 blizzard demons, 2 demonspawn, 2 soul eaters, a
sun demon, 2 shadow demons, a gelid demonspawn, 2 orange demons, 2 deep elf high
priests, a tormentor, a neqoxec, a ynoxinul and 2 ufetubi.

Vanquished Creatures
  the Royal Jelly (Slime:5)
  Khufu (Crypt:3)
  The ghost of zxkuqyb the Axe Maniac, a legendary MiBe of Trog (Zig:13)
  6 ancient liches
  3 juggernauts (Zig:9)
  12 pandemonium lords
  The ghost of Nicocat the Cloud Mage, a veteran TeAE of Vehumet (Vaults:5)
  Sojobo (Depths:2)
  Bai Suzhen (Shoals:3)
  The ghost of rjrrt the Executioner, a veteran HOBe of Trog (Vaults:5)
  Frederick (Crypt:1)
  Margery (Depths:4)
  Xtahua (Vaults:3)
  11 shard shrikes
  Saint Roka (Depths:2)
  A caustic shrike (shapeshifter) (Zig:12)
  14 Killer Klowns
  3 caustic shrikes (Depths:2)
  4 profane servitors
  22 golden dragons
  13 bone dragons
  Jory (Depths:3)
  2 Brimstone Fiends (Zig:17)
  4 Tzitzimimeh
  8 electric golems (Zig:23)
  An iron giant (shapeshifter) (Zig:12)
  2 iron giants (Zig:14)
  11 liches
  5 Hell Sentinels
  9 tentacled monstrosities
  14 deep elf blademasters
  19 Ice Fiends
  The ghost of brevous the Earth Mage, an adept DDNe of Makhleb (Spider:1)
  22 titans
  14 deep elf master archers
  A quicksilver dragon (shapeshifter) (Zig:14)
  9 sphinxes
  14 Executioners
  A kraken (Shoals:2)
  7 ancient champions
  6 tentacled starspawn
  Polyphemus (Shoals:3)
  The ghost of amavritansky the Peltast, an adept MiFi of Okawaru (Elf:2)
  33 acid blobs
  5 thorn hunters
  3 draconian monks
  A shadow dragon (shapeshifter) (Zig:14)
  10 storm dragons
  Ilsuiw (Shoals:4)
  Donald (Vaults:3)
  9 shadow dragons
  19 fire giants
  12 tengu reavers
  7 revenants
  16 azure jellies
  13 nagarajas (Zig:16)
  31 frost giants
  19 vault wardens
  6 iron dragons
  6 deep elf sorcerers
  2 azure jellies (shapeshifter)
  15 draconian knights
  7 orc warlords
  9 ghost moths
  2 caustic shrike zombies
  3 juggernaut zombies
  A daeva (Zig:16)
  5 deep elf elementalists
  9 balrugs
  5 warmongers
  5 cacodemons
  Louise (D:14)
  An angel (Depths:1)
  18 reapers
  Aizul (Vaults:2)
  5 ghouls
  5 draconian stormcallers
  3 emperor scorpions
  7 curse skulls
  5 war gargoyles
  8 draconian annihilators
  16 ironheart preservers
  37 very ugly things
  3 draconian shifters
  8 corrupters
  3 juggernaut skeletons
  38 stone giants
  16 vampire knights
  10 entropy weavers
  A stone giant (shapeshifter) (Zig:11)
  7 green draconians
  3 white draconians
  5 black suns
  13 deep elf demonologists
  4 black draconians
  3 caustic shrike skeletons (Zig:18)
  8 red draconians
  15 deep elf annihilators
  13 spark wasps
  A dire elephant (shapeshifter) (Zig:12)
  9 blood saints
  3 purple draconians
  A spectral titan (Crypt:3)
  A lorocyproca (Zig:25)
  A dire elephant (D:15)
  3 yellow draconians (Depths:5)
  28 green deaths
  10 deep elf death magi
  24 ettins
  12 fire dragons
  19 jiangshi
  6 eidola
  24 blizzard demons
  Josephine (D:12)
  A quicksilver dragon zombie (Zig:22)
  10 death oozes
  12 merfolk impalers
  2 mummy priests (Crypt:3)
  4 merfolk javelineers
  25 yaktaur captains
  11 deep elf high priests
  Erolcha (D:10)
  33 vault guards
  12 great orbs of eyes
  19 ice dragons
  A monstrous demonspawn (Zig:25)
  The ghost of mg7810 the Cleaver, a journeyman HOFi of Makhleb (D:11)
  27 hydras
  Fannar (Lair:3)
  4 hell beasts
  5 spriggan air magi (Zig:23)
  A merfolk avatar (Shoals:1)
  2 alligator snapping turtles
  9 rakshasas
  41 two-headed ogres
  10 merfolk aquamancers
  8 death yaks
  2 catoblepae
  A queen ant (Lair:5)
  4 ghost crabs
  15 death knights
  An alligator snapping turtle (shapeshifter) (Zig:12)
  Erica (D:9)
  A two-headed ogre (shapeshifter) (Zig:12)
  3 satyrs
  7 alligators
  6 centaur warriors
  31 dancing weapons
  Urug (Lair:4)
  21 ogre magi
  8 deep troll earth magi
  7 orc high priests
  8 deep troll shamans
  A hell hog (Zig:14)
  A death yak (shapeshifter) (Vaults:5)
  10 vampire magi
  A naga sharpshooter (D:15)
  12 thrashing horrors
  7 tengu warriors
  A sun demon (Zig:15)
  3 spriggan berserkers
  11 shock serpents
  5 soul eaters
  9 titan zombies
  3 storm dragon zombies
  7 hell knights
  An iron golem (Zig:17)
  A shock serpent (shapeshifter) (Zig:13)
  A fire crab (shapeshifter) (Depths:4)
  11 wretched stars
  A titan skeleton (Zig:15)
  A salamander mystic (Depths:5)
  6 sixfirhies
  37 skeletal warriors
  30 deep elf knights
  4 iron trolls
  A spatial maelstrom (Zig:16)
  5 glowing orange brains
  An iron troll (shapeshifter) (Zig:12)
  2 shadow demons (Zig:25)
  20 death drakes
  3 golden dragon zombies
  An orange crystal statue (Zig:27)
  A spectral anaconda (Crypt:3)
  6 unseen horrors
  4 storm dragon skeletons
  A death drake (shapeshifter) (Zig:12)
  10 shadow wraiths
  16 flayed ghosts
  21 sea snakes
  2 spark wasp zombies (Zig:15)
  An obsidian statue (D:15)
  3 naga ritualists (Zig:16)
  A swamp dragon (shapeshifter) (Zig:13)
  A sea snake (shapeshifter) (Zig:12)
  15 deep trolls
  11 starcursed masses
  2 infernal demonspawn
  3 spriggan druids
  5 tengu zombies
  A torturous demonspawn (Zig:25)
  17 phantasmal warriors
  24 swamp dragons
  6 wizards
  4 golden dragon skeletons
  21 ironbrand convokers
  An anaconda skeleton (Crypt:1)
  10 necromancers
  3 shadow dragon zombies
  3 lindwurms (shapeshifter)
  5 sphinx zombies
  11 shambling mangroves
  12 harpies
  3 harpies (shapeshifter)
  14 orc sorcerers
  25 deep elf archers
  22 orc knights
  An iron giant skeleton (Crypt:1)
  9 shining eyes
  8 oklob plants (Zig:6)
  A mana viper (Zig:19)
  A mana viper (shapeshifter) (Zig:10)
  A shadow dragon skeleton (Zig:8)
  27 orb spiders
  29 wolf spiders
  71 deep elf magi
  An iron dragon zombie (Crypt:1)
  5 shining eyes (shapeshifter)
  6 manticores
  15 wolf spider zombies (Spider:3)
  4 stone giant zombies
  6 tengu skeletons
  71 ugly things
  7 salamanders
  A stone giant skeleton (Vaults:3)
  22 cyclopes
  15 fauns
  3 human zombies
  A cyclops (shapeshifter) (Zig:14)
  2 iron dragon skeletons (Zig:22)
  3 frost giant zombies
  6 moths of wrath
  2 fire giant zombies
  A salamander (shapeshifter) (Vaults:1)
  2 sphinx skeletons (Zig:17)
  A dire elephant zombie (Crypt:2)
  9 merfolk sirens
  An elephant (shapeshifter) (Zig:13)
  6 elf zombies
  8 elephants (Lair:6)
  A worldbinder (Zig:19)
  11 rust devils
  4 eyes of devastation
  22 vault sentinels
  12 black mambas
  4 water nymphs (shapeshifter)
  4 naga magi (Zig:16)
  29 spiny frogs
  2 eyes of devastation (shapeshifter)
  5 torpor snails
  7 water nymphs
  2 fire giant skeletons
  2 titan simulacra (Zig:26)
  3 apocalypse crabs
  9 hellions
  5 guardian serpents (Zig:16)
  A molten gargoyle (D:13)
  2 gargoyles
  2 orange demons (Zig:25)
  12 smoke demons
  A green draconian zombie (Crypt:1)
  A rime drake (shapeshifter) (Depths:4)
  4 spriggan skeletons
  2 centaur skeletons
  A komodo dragon (Lair:4)
  2 komodo dragons (shapeshifter)
  7 redback zombies (Spider:3)
  53 yaktaurs
  3 efreet
  14 tormentors
  26 freezing wraiths
  13 rime drakes
  25 ice devils
  An anaconda simulacrum (Crypt:3)
  17 demonic crawlers
  A minotaur zombie (Crypt:2)
  12 ancient zymes
  A golden dragon simulacrum (Zig:26)
  2 hellwings
  A meliai (shapeshifter) (Vaults:2)
  6 tengu conjurers
  A grey draconian skeleton (Crypt:2)
  A black draconian skeleton (Crypt:1)
  32 merfolk
  8 trolls
  7 guardian mummies (Crypt:3)
  A sea snake skeleton (Crypt:2)
  2 queen bees (shapeshifter)
  3 red devils
  A shadow dragon simulacrum (Zig:26)
  A polar bear (shapeshifter) (Vaults:4)
  33 hornets
  8 tyrant leeches
  A snapping turtle (shapeshifter) (Zig:12)
  36 jumping spiders
  6 wind drakes
  A sphinx simulacrum (Zig:26)
  A slime creature (shapeshifter) (Zig:14)
  16 hippogriffs
  5 bog bodies
  126 slime creatures
  20 raiju
  7 tarantella zombies (Spider:3)
  5 snapping turtles
  A fire giant simulacrum (Vaults:4)
  34 blink frogs
  14 dream sheep
  2 hippogriffs (shapeshifter)
  3 iron dragon simulacra
  An ettin skeleton (Vaults:2)
  A meliai zombie (D:13)
  A redback (shapeshifter) (Zig:12)
  57 flying skulls
  14 shadows
  8 air elementals
  4 wyverns
  14 elf skeletons
  92 redbacks
  2 yaks (shapeshifter)
  A dire elephant simulacrum (Crypt:2)
  15 water elementals
  A vampire (D:12)
  A spriggan (Zig:27)
  3 fire elementals
  23 small abominations
  2 spriggan simulacra (Zig:26)
  26 wraiths
  A basilisk (shapeshifter) (Zig:19)
  A tarantella (shapeshifter) (Vaults:5)
  3 basilisks
  26 tarantellas
  6 ynoxinuls
  52 yaks
  14 chaos spawn
  6 hungry ghosts
  8 neqoxecs
  9 golden eyes
  Menkaure (D:5)
  A naga (shapeshifter) (D:12)
  24 vampire mosquitoes
  6 insubstantial wisps
  12 wargs
  2 nagas (Zig:16)
  4 swamp worms (shapeshifter)
  A soldier ant (shapeshifter) (Abyss:3)
  A water nymph skeleton (Crypt:1)
  34 large abominations
  24 soldier ants (Lair:5)
  Duvessa (D:4)
  3 acid dragons
  2 hell hounds (Zig:14)
  10 water moccasins
  5 porcupines
  7 swamp drakes
  59 orc warriors
  5 sky beasts
  A black bear (shapeshifter) (Depths:2)
  A hornet zombie (D:14)
  A faun skeleton (Crypt:2)
  An ettin simulacrum (Vaults:2)
  8 ice beasts
  5 necrophages
  5 phantoms
  A black bear (D:13)
  10 eyes of draining
  52 ogres
  A spiny frog skeleton (Crypt:2)
  An orc skeleton (Vaults:2)
  A wolf (shapeshifter) (Vaults:3)
  9 wolves
  13 centaurs
  A manticore skeleton (Crypt:1)
  2 big kobolds
  14 crocodiles
  30 bullfrogs
  A fire crab zombie (Crypt:1)
  A gnoll sergeant (D:8)
  5 earth elementals
  A wyvern zombie (D:9)
  A scorpion (shapeshifter) (Vaults:3)
  11 scorpions
  2 wyvern skeletons
  A cyclops skeleton (Crypt:1)
  3 spriggan zombies
  2 human simulacra
  8 killer bees
  Dowan (D:5)
  9 wights
  3 electric eels (Lair:6)
  3 howler monkeys
  12 crimson imps
  12 centaur zombies
  3 bullfrog zombies
  7 hounds
  3 jellies
  A quasit (Abyss:3)
  Crazy Yiuf (D:4)
  18 orc priests
  34 orc wizards
  3 bullfrog skeletons
  10 iron imps
  A demonspawn skeleton (Crypt:2)
  3 iguanas
  A lightning spire (Zig:9)
  A hell rat (D:11)
  33 worker ants
  An acid dragon skeleton (Crypt:2)
  A hound zombie (D:5)
  2 hound skeletons
  A mummy (Zig:18)
  12 gnolls
  2 howler monkey skeletons
  17 adders
  A river rat (D:11)
  4 shadow imps
  A steam dragon skeleton (Crypt:1)
  12 white imps
  3 oozes
  An adder zombie (D:5)
  3 adder skeletons
  5 worms
  3 dart slugs
  10 leopard geckos
  84 orcs
  3 ball pythons
  6 giant cockroaches
  14 goblins
  10 hobgoblins
  10 jackals
  4 quokkas
  8 bats
  5 frilled lizards
  A frilled lizard skeleton (Crypt:1)
  28 kobolds
  A quokka skeleton (D:7)
  A quokka zombie (D:9)
  8 rats
  A rat skeleton (Crypt:1)
  16 briar patches
  2 crawling corpses (Elf:3)
  A fire vortex (Crypt:2)
  3 fungi
  5 lost souls (Zig:21)
  26 plants
  4 starspawn tentacles
  A tentacle (Shoals:2)
4068 creatures vanquished.

Vanquished Creatures (collateral kills)
  A blink frog (Lair:6)
  2 dream sheep (Lair:6)
  A vampire mosquito (Lair:6)
4 creatures vanquished.

Vanquished Creatures (others)
  Asterion (Vaults:1)
  A tengu reaver (Depths:2)
  Roxanne (Shoals:3)
  2 stone giants
  2 merfolk javelineers (Shoals:4)
  2 ogre magi
  A centaur warrior (Depths:3)
  A merfolk aquamancer (Shoals:3)
  A deep troll earth mage (Depths:2)
  A satyr (Shoals:3)
  An alligator (Zig:20)
  A hell knight (Depths:2)
  An ironbrand convoker (Vaults:3)
  A harpy (Shoals:3)
  A deep elf mage (Elf:2)
  A necromancer (Depths:2)
  A wolf spider (Spider:4)
  3 fauns (Shoals:4)
  A cyclops (Vaults:2)
  2 manticores
  2 apocalypse crabs (Zig:14)
  A demonic crawler (Spider:4)
  11 yaktaurs
  A jumping spider (Spider:2)
  A hornet (Zig:6)
  A small abomination (Abyss:3)
  A water elemental (Shoals:3)
  3 tarantellas
  A redback (Spider:2)
  An orc warrior (Orc:2)
  A centaur (D:15)
  A bullfrog (Lair:6)
  A wight (Zig:17)
  A jelly (D:9)
  15 fungi
  3 lost souls (Zig:21)
  75 plants
  3 tentacles (Shoals:2)
149 creatures vanquished.

Grand Total: 4221 creatures vanquished

Notes
Turn   | Place    | Note
-------+----------+-------------------------------------------
     0 | D:1      | schizoid the Barachi Monk began the quest for the Orb.
     0 | D:1      | Reached XP level 1. HP: 18/18 MP: 1/1
   172 | D:1      | Reached XP level 2. HP: 25/25 MP: 2/2
   212 | D:1      | Reached skill level 1 in Armour
   303 | D:1      | Reached XP level 3. HP: 29/30 MP: 3/3
   872 | D:2      | Reached XP level 4. HP: 34/38 MP: 4/4
   980 | D:2      | Found an iron altar of Okawaru.
   993 | D:2      | Became a worshipper of Warmaster Okawaru
   993 | D:2      | Reached * piety under Okawaru
   993 | D:2      | Reached ** piety under Okawaru
  2041 | D:3      | Reached skill level 1 in Invocations
  2041 | D:3      | Reached XP level 5. HP: 17/43 MP: 2/5
  2765 | D:3      | Reached XP level 6. HP: 21/50 MP: 7/7
  2859 | D:3      | Noticed GrunderHorse's ghost (amateur MfBe)
  2873 | D:4      | Noticed a phantom
  2912 | D:4      | Found a shadowy altar of Dithmenos.
  2915 | D:4      | Killed a phantom
  3010 | D:4      | Reached skill level 5 in Fighting
  3111 | D:4      | Got a smoking mace
  3112 | D:4      | Identified the +6 mace "Hikhlan" {flame, SInv} (You found it on level 4 of the Dungeon)
  3117 | D:4      | Found a runed door.
  3643 | D:4      | Noticed Crazy Yiuf
  3646 | D:4      | Killed Crazy Yiuf
  3959 | D:5      | Entered Level 5 of the Dungeon
  3959 | D:5      | Noticed Dowan
  3962 | D:5      | Noticed Duvessa
  3970 | D:5      | Killed Dowan
  3970 | D:5      | Reached XP level 7. HP: 31/56 MP: 5/9
  3985 | D:4      | Gained mutation: You are clumsy. (Dex -2) [potion of mutation]
  3985 | D:4      | Gained mutation: You are robust. (+10% HP) [potion of mutation]
  3991 | D:4      | Killed Duvessa
  4295 | D:5      | Found a blossoming altar of Fedhas.
  4357 | D:5      | Reached skill level 5 in Axes
  4357 | D:5      | Reached skill level 5 in Dodging
  4446 | D:5      | Reached *** piety under Okawaru
  4515 | D:5      | Reached XP level 8. HP: 64/70 MP: 9/11
  4711 | D:5      | Found a shattered altar of Ashenzari.
  4900 | D:5      | Noticed Menkaure
  4907 | D:5      | Killed Menkaure
  5267 | D:6      | Cast into level 1 of the Abyss (orc wizard)
  5309 | Abyss:1  | Noticed a thrashing horror
  5341 | Abyss:1  | Noticed a worldbinder
  5342 | Abyss:1  | Killed a thrashing horror
  5342 | Abyss:1  | Reached **** piety under Okawaru
  5342 | Abyss:1  | Reached skill level 5 in Armour
  5342 | Abyss:1  | Reached skill level 5 in Invocations
  5342 | Abyss:1  | Reached XP level 9. HP: 20/78 MP: 9/13
  5344 | D:6      | Escaped the Abyss
  5936 | D:6      | Found a staircase to the Ecumenical Temple.
  5951 | Temple   | Entered the Ecumenical Temple
  6725 | D:6      | Found a shimmering altar of Xom.
  6726 | D:6      | Found a burning altar of Makhleb.
  6859 | D:7      | Found a shadowy altar of Dithmenos.
  7237 | D:7      | Found a snail-covered altar of Cheibriados.
  7237 | D:7      | Found a sparkling altar of Nemelex Xobeh.
  7506 | D:8      | Found an ornate altar of the Wu Jian Council.
  7509 | D:8      | Found a glowing golden altar of the Shining One.
  7853 | D:8      | Found a white marble altar of Elyvilon.
  7853 | D:8      | Noticed a two-headed ogre
  7861 | D:8      | Killed a two-headed ogre
  7861 | D:8      | Reached ***** piety under Okawaru
  7861 | D:8      | Received a gift from Okawaru
  7861 | D:8      | Reached XP level 10. HP: 84/90 MP: 14/14
  8857 | D:8      | Found a basalt altar of Yredelemnul.
  8860 | D:8      | Found a deep blue altar of Sif Muna.
  8986 | D:9      | Noticed a two-headed ogre
  8996 | D:9      | Killed a two-headed ogre
  9027 | D:9      | Received a gift from Okawaru
  9482 | D:9      | Noticed a gargoyle
  9486 | D:9      | Killed a gargoyle
  9496 | D:9      | Noticed Erica
  9513 | D:9      | Reached XP level 11. HP: 79/99 MP: 15/15
  9518 | D:9      | Killed Erica
  9518 | D:9      | Reached skill level 10 in Fighting
  9688 | D:9      | Found Taric's Assorted Antiques.
  9697 | D:9      | Bought a scroll labeled GIPOTE JAGISTRU for 20 gold pieces
  9697 | D:9      | Bought a scroll labeled HUINAYSTR HEUP for 20 gold pieces
  9697 | D:9      | Bought a scroll labeled JITHRAJYUCH for 20 gold pieces
  9697 | D:9      | Bought a potion of heal wounds for 100 gold pieces
  9706 | D:9      | Found a staircase to the Orcish Mines.
  9979 | D:10     | Entered Level 10 of the Dungeon
 10067 | D:10     | Noticed an unseen horror
 10096 | D:10     | Killed an unseen horror
 10155 | D:10     | Noticed a cyclops
 10173 | D:10     | Killed a cyclops
 10173 | D:10     | Received a gift from Okawaru
 10491 | D:10     | Noticed Erolcha
 10508 | D:10     | Killed Erolcha
 10508 | D:10     | Reached skill level 10 in Armour
 10862 | D:10     | Noticed a two-headed ogre
 10871 | D:10     | Killed a two-headed ogre
 10910 | D:10     | Noticed an unseen horror
 10923 | D:10     | Killed an unseen horror
 10923 | D:10     | Reached skill level 10 in Axes
 10923 | D:10     | Reached skill level 10 in Dodging
 11265 | D:11     | Noticed a death yak
 11266 | D:11     | Found a staircase to the Lair.
 11268 | D:11     | Noticed a death yak
 11276 | D:11     | Noticed mg7810's ghost (journeyman HOFi)
 11280 | D:11     | Noticed a death yak
 11297 | D:12     | Noticed a four-headed hydra
 11323 | D:12     | Noticed a four-headed hydra
 11342 | D:11     | Killed a death yak
 11342 | D:11     | Reached skill level 1 in Spellcasting
 11481 | D:11     | Reached XP level 12. HP: 79/110 MP: 16/16
 11757 | D:11     | Received a gift from Okawaru
 11762 | D:11     | Got a pitted executioner's axe {god gift}
 11763 | D:11     | Identified the +4 executioner's axe "Riamitif" {drain, rN++ Str+7 Int-3} (Okawaru gifted it to you on level 11 of the Dungeon)
 12058 | D:11     | Killed a death yak
 12059 | D:11     | Killed a death yak
 12183 | D:11     | Killed mg7810's ghost
 12589 | Lair:1   | Entered Level 1 of the Lair of Beasts
 13539 | Lair:2   | Noticed a death yak
 13539 | Lair:2   | Noticed a death yak
 13539 | Lair:2   | Noticed a death yak
 13549 | Lair:1   | Killed a death yak
 13550 | Lair:1   | Killed a death yak
 13551 | Lair:1   | Killed a death yak
 13551 | Lair:1   | Received a gift from Okawaru
 13554 | Lair:1   | Got a dazzling helmet {god gift}
 13565 | Lair:1   | Identified the +2 helmet of the Solstice {-Cast Str+8 Stlth+} (Okawaru gifted it to you on level 1 of the Lair of Beasts)
 13951 | Lair:2   | Noticed a five-headed hydra
 13967 | Lair:2   | Killed a six-headed hydra
 14130 | Lair:2   | Noticed an eight-headed hydra
 14142 | Lair:2   | Killed an eight-headed hydra
 14616 | Lair:3   | Gained mutation: You can hop long distances. [Barachi growth]
 14616 | Lair:3   | Reached XP level 13. HP: 118/118 MP: 19/19
 14811 | Lair:3   | Noticed Fannar
 14827 | Lair:3   | Killed Fannar
 14898 | Lair:3   | Reached skill level 5 in Spellcasting
 15428 | Lair:3   | Found a staircase to the Shoals.
 15650 | Lair:4   | Reached ****** piety under Okawaru
 15773 | Lair:4   | Received a gift from Okawaru
 15774 | Lair:4   | Found the +8 frozen axe "Frostbite" {freezing cloud, *Noise +Fly rC+}
 15848 | Lair:4   | Found a hole to the Spider Nest.
 15856 | Lair:4   | Paralysed by a hornet for 3 turns
 15997 | Lair:4   | Noticed Urug
 16007 | Lair:4   | Killed Urug
 17256 | Lair:5   | Noticed an entropy weaver
 17266 | Lair:5   | Reached XP level 14. HP: 75/129 MP: 23/23
 17272 | Lair:5   | Received a gift from Okawaru
 17295 | Lair:5   | Killed an entropy weaver
 17537 | Lair:5   | Noticed an entropy weaver
 17551 | Lair:5   | Killed an entropy weaver
 18452 | Lair:5   | Learned a level 1 spell: Freeze
 18454 | Lair:5   | Learned a level 1 spell: Summon Butterflies
 18492 | Lair:6   | Entered Level 6 of the Lair of Beasts
 18492 | Lair:6   | Found a runed door.
 18492 | Lair:6   | Found a viscous altar of Jiyva.
 18559 | Lair:5   | Reached skill level 1 in Shields
 19122 | Lair:6   | Found a staircase to the Slime Pits.
 19158 | Lair:5   | Received a gift from Okawaru
 20041 | Lair:6   | Reached skill level 5 in Shields
 20176 | Lair:6   | Got a bloodstained plate armour
 20190 | Lair:6   | Identified the +0 plate armour "Joganoamp" {rCorr Int+4 Slay-4} (You found it on level 6 of the Lair of Beasts)
 20201 | Lair:6   | Got a pair of smoking boots
 20212 | Lair:6   | Identified the cursed +0 pair of boots of Tulips {rPois rF++ rC- rCorr} (You found it on level 6 of the Lair of Beasts)
 20236 | Lair:6   | Received a gift from Okawaru
 20236 | Lair:6   | Reached XP level 15. HP: 125/137 MP: 26/26
 20838 | Orc:1    | Entered Level 1 of the Orcish Mines
 21913 | Orc:1    | Received a gift from Okawaru
 21976 | Orc:1    | Got an iridescent trident
 21977 | Orc:1    | Identified the +10 trident of Regicide {pierce, *Corrode +Blink +Rage} (You found it on level 1 of the Orcish Mines)
 22405 | Orc:2    | Entered Level 2 of the Orcish Mines
 22512 | Orc:2    | Noticed an orc warlord
 22926 | Orc:1    | Killed an orc warlord
 22926 | Orc:1    | Received a gift from Okawaru
 23536 | Orc:2    | Found a roughly hewn altar of Beogh.
 23547 | Orc:2    | Found Vokh's General Store.
 23609 | Orc:2    | Found a staircase to the Elven Halls.
 23630 | Orc:2    | Found Waohu's Antique Armour Emporium.
 23647 | Orc:2    | Found Zykol's Jewellery Emporium.
 23714 | Orc:2    | Found Ilock's Antique Weapon Emporium.
 23736 | Orc:2    | Bought an uncursed amulet of regeneration for 480 gold pieces
 24254 | D:11     | Reached XP level 16. HP: 146/147 MP: 28/28
 24290 | D:12     | Noticed Josephine
 24308 | D:12     | Killed Josephine
 24308 | D:12     | Reached skill level 10 in Shields
 24380 | D:12     | Identified the Reference Book on Congealing Darkness
 24585 | D:12     | Found Bibb's Antique Armour Boutique.
 25204 | D:13     | Reached XP level 17. HP: 154/154 MP: 30/30
 25552 | D:13     | Found a runed gate.
 25552 | D:13     | Found a runed gate.
 25552 | D:13     | Found a runed gate.
 25757 | D:13     | Received a gift from Okawaru
 25777 | D:13     | Found a runed gate.
 25777 | D:13     | Found a runed gate.
 25777 | D:13     | Found a runed gate.
 25952 | D:13     | Found the +1 cloak of Starlight {rElec rC+ EV+4 Stlth--}
 25982 | D:13     | Got a crude lapis lazuli ring
 26067 | D:13     | Identified the ring of Qerruura {MR+ MP+9 Int+4} (You took it off a yaktaur captain on level 13 of the Dungeon)
 26074 | D:13     | Got a pair of smoking boots
 26095 | D:13     | Identified the +2 pair of boots of Ashenzari's Reproof {Int+4} (You found it on level 13 of the Dungeon)
 26237 | D:14     | Found a gate to the Vaults.
 26418 | D:14     | Reached skill level 15 in Fighting
 26493 | D:14     | Received a gift from Okawaru
 26598 | D:14     | Noticed Louise
 26619 | D:14     | Killed Louise
 26736 | D:14     | Found a flagged portal.
 26752 | Bailey   | Entered a bailey
 26846 | Bailey   | Found a runed gate.
 26848 | Bailey   | Found a runed gate.
 26849 | Bailey   | Found a runed gate.
 26963 | Bailey   | Reached XP level 18. HP: 163/163 MP: 31/31
 27078 | D:14     | Got a dazzling hand axe
 27080 | D:14     | Identified the +6 hand axe "Qoqekh" {pain, rC+} (You found it on level 14 of the Dungeon)
 27767 | D:15     | Entered Level 15 of the Dungeon
 28184 | D:15     | Found a staircase to the Depths.
 28478 | D:15     | Reached skill level 15 in Armour
 28534 | D:15     | Found Wiuveosi's Serpentskin Sales.
 28555 | D:15     | Reached skill level 10 in Spellcasting
 28991 | Spider:1 | Entered Level 1 of the Spider Nest
 29027 | Spider:1 | Identified a scroll of acquirement
 29165 | Spider:1 | Received a gift from Okawaru
 29199 | Spider:1 | Noticed brevous's ghost (adept DDNe)
 29361 | Spider:1 | Killed brevous's ghost
 29361 | Spider:1 | Reached XP level 19. HP: 83/170 MP: 33/33
 30687 | Spider:2 | Got a pair of dazzling gloves
 30693 | Spider:2 | Identified the cursed +0 pair of gloves of Disaster {*Drain Str+4 Int+2} (You found it on level 2 of the Spider Nest)
 31450 | Spider:3 | Received a gift from Okawaru
 31453 | Spider:3 | Got a dazzling hand axe {god gift}
 31454 | Spider:3 | Identified the +1 hand axe "Jellyslayer" {venom, rPois rC+ SInv} (Okawaru gifted it to you on level 3 of the Spider Nest)
 31648 | Spider:4 | Entered Level 4 of the Spider Nest
 32958 | Spider:4 | Reached skill level 15 in Dodging
 32993 | Spider:4 | Received a gift from Okawaru
 33003 | Spider:4 | Got a crystal broad axe {god gift}
 33102 | Spider:4 | Got a gossamer rune of Zot
 33135 | Spider:4 | Identified the +7 broad axe "Osesuos" {venom, rPois rF+++ MR++ Str-3} (Okawaru gifted it to you on level 4 of the Spider Nest)
 33307 | Shoals:1 | Entered Level 1 of the Shoals
 33325 | Shoals:1 | Reached skill level 15 in Shields
 33591 | Shoals:1 | Reached skill level 15 in Axes
 34037 | Shoals:1 | Reached XP level 20. HP: 178/181 MP: 35/35
 34590 | Shoals:2 | Found Ymoqun Mil's General Store.
 34606 | Shoals:2 | Bought a scroll of identify for 26 gold pieces
 35301 | Shoals:3 | Noticed Roxanne
 35333 | Shoals:3 | Killed Roxanne
 35334 | Shoals:3 | Identified Roxanne's Almanac of Moulding
 35485 | Shoals:3 | Noticed Bai Suzhen
 35594 | Shoals:3 | Killed Bai Suzhen
 35603 | Shoals:3 | Received a gift from Okawaru
 35753 | Shoals:3 | Noticed Polyphemus
 35780 | Shoals:3 | Killed Polyphemus
 36521 | Shoals:4 | Entered Level 4 of the Shoals
 37030 | Shoals:4 | Received a gift from Okawaru
 37166 | Shoals:4 | Got a barnacled rune of Zot
 37179 | Shoals:4 | Got a pitted dire flail {venom}
 37532 | Shoals:4 | Noticed Ilsuiw
 37548 | Shoals:4 | Killed Ilsuiw
 37548 | Shoals:4 | Reached XP level 21. HP: 191/191 MP: 37/37
 37694 | Shoals:4 | Found the +12 glaive of Prune {chop}
 37726 | Shoals:4 | Identified Theurgy, Part Two
 38026 | Shoals:4 | Learned a level 2 spell: Swiftness
 38619 | Vaults:1 | Entered Level 1 of the Vaults
 38817 | Vaults:1 | Received a gift from Okawaru
 38825 | Vaults:1 | Got a bone war axe {god gift}
 38826 | Vaults:1 | Identified the +10 war axe of Coudghous {protect, rElec rPois rC- Str+2} (Okawaru gifted it to you on level 1 of the Vaults)
 39505 | Vaults:1 | Noticed Asterion
 39525 | Vaults:1 | Killed Asterion
 40141 | Vaults:2 | Received a gift from Okawaru
 40199 | Vaults:2 | Got a fine scale mail {god gift}
 40200 | Vaults:2 | Identified the +3 scale mail of Defence {Dex+4} (Okawaru gifted it to you on level 2 of the Vaults)
 40391 | Vaults:2 | Noticed a bone dragon
 40392 | Vaults:2 | Found a staircase to the Crypt.
 40400 | Vaults:2 | Noticed Aizul
 40419 | Vaults:2 | Killed a bone dragon
 40427 | Vaults:2 | Killed Aizul
 40950 | Vaults:2 | Reached XP level 22. HP: 199/199 MP: 39/39
 41747 | Lair:4   | Learned a level 3 spell: Mephitic Cloud
 41751 | Lair:4   | Learned a level 3 spell: Conjure Flame
 41986 | Vaults:3 | Reached skill level 1 in Ice Magic
 41987 | Vaults:3 | Reached skill level 1 in Conjurations
 41988 | Vaults:3 | Reached skill level 1 in Fire Magic
 42384 | Vaults:3 | Received a gift from Okawaru
 42492 | Vaults:3 | Noticed Donald
 42502 | Vaults:3 | Killed Donald
 42991 | Vaults:3 | Noticed Xtahua
 43002 | Vaults:3 | Killed Xtahua
 43213 | Vaults:3 | Received a gift from Okawaru
 43677 | Vaults:4 | Reached skill level 5 in Ice Magic
 43801 | Vaults:4 | Learned a level 8 spell: Ignition
 44037 | Vaults:4 | Reached skill level 5 in Fire Magic
 44482 | Vaults:4 | Reached skill level 15 in Spellcasting
 44506 | Vaults:4 | Received a gift from Okawaru
 45129 | Depths:1 | Entered Level 1 of the Depths
 45154 | Depths:1 | Reached XP level 23. HP: 205/205 MP: 42/42
 45373 | Depths:1 | Received a gift from Okawaru
 45376 | Depths:1 | Got a pair of faintly humming gloves {god gift}
 45377 | Depths:1 | Identified the +1 pair of gloves "Bygyagaq" {rElec rN+++ rCorr Dex-3} (Okawaru gifted it to you on level 1 of the Depths)
 45407 | Depths:1 | Found a gateway to a ziggurat.
 46397 | Depths:1 | Reached skill level 10 in Fire Magic
 47067 | Depths:1 | Found a gateway to Hell.
 47742 | Depths:2 | Noticed Sojobo
 47779 | Depths:2 | Killed Sojobo
 48069 | Depths:2 | Received a gift from Okawaru
 48479 | Depths:2 | Noticed a caustic shrike
 48481 | Depths:2 | Noticed a caustic shrike
 48486 | Depths:2 | Noticed a caustic shrike
 48506 | Depths:2 | Killed a caustic shrike
 48508 | Depths:2 | Noticed Saint Roka
 48512 | Depths:2 | Killed a caustic shrike
 48618 | Depths:2 | Killed a caustic shrike
 48752 | Depths:2 | Killed Saint Roka
 48752 | Depths:2 | Reached XP level 24. HP: 134/214 MP: 43/43
 49263 | Depths:3 | Received a gift from Okawaru
 49309 | Depths:3 | Found a one-way gate to the infinite horrors of the Abyss.
 49558 | Depths:3 | Noticed Jory
 49576 | Depths:3 | Killed Jory
 49576 | Depths:3 | Reached skill level 15 in Fire Magic
 50165 | Depths:3 | Found a one-way gate leading to the halls of Pandemonium.
 50245 | Depths:3 | Received a gift from Okawaru
 50862 | Depths:4 | Found a large runed door.
 50866 | Depths:4 | Found a large runed door.
 50868 | Depths:4 | Found the +5 pair of quick blades "Gyre" and "Gimble" {pierce, Dex-3}
 51175 | Depths:4 | Found a large runed door.
 51179 | Depths:4 | Found a large runed door.
 51253 | Depths:4 | Noticed Margery
 51289 | Depths:4 | Killed Margery
 51339 | Depths:4 | Received a gift from Okawaru
 51353 | Depths:4 | Found a large runed door.
 51566 | Depths:4 | Found a large runed door.
 51567 | Depths:4 | Found a large runed door.
 51654 | Depths:4 | Found a large runed door.
 51847 | Depths:5 | Entered Level 5 of the Depths
 51956 | Depths:5 | Reached XP level 25. HP: 185/221 MP: 44/44
 52201 | Depths:5 | Found a gate to the Realm of Zot.
 52246 | Depths:5 | Received a gift from Okawaru
 53077 | Elf:1    | Entered Level 1 of the Elven Halls
 53301 | Elf:1    | Cast into level 3 of the Abyss (dire flail of distortion)
 53500 | Elf:1    | Escaped the Abyss
 54135 | Elf:1    | Got a brightly glowing golden ring
 54136 | Elf:1    | Identified the ring of Efadaud {+Fly AC+5} (You took it off a deep elf mage on level 1 of the Elven Halls)
 54498 | Elf:2    | Found a runed gate.
 54498 | Elf:2    | Found a runed gate.
 54499 | Elf:2    | Found a runed gate.
 54732 | Elf:2    | Noticed amavritansky's ghost (adept MiFi)
 54793 | Elf:2    | Killed amavritansky's ghost
 54925 | Elf:2    | Received a gift from Okawaru
 54945 | Elf:2    | Got a heavily runed buckler {god gift}
 54946 | Elf:2    | Identified the -3 buckler of the Buccaneer {rF+ Str+4 Int+4 Dex-3} (Okawaru gifted it to you on level 2 of the Elven Halls)
 55225 | Elf:3    | Entered Level 3 of the Elven Halls
 55327 | Elf:3    | Got a smoking tin ring
 55328 | Elf:3    | Identified the ring of Perfectionism {rF- rC+ Int+2 Dex+2} (You took it off a deep elf annihilator on level 3 of the Elven Halls)
 55449 | Elf:3    | Reached XP level 26. HP: 186/228 MP: 46/46
 55622 | Elf:3    | Found the +3 sling "Punk" {acid, rCorr}
 55623 | Elf:3    | Found the +2 robe of Vines {NoPotionHeal Regen+7}
 55709 | Elf:3    | Got a jewelled plate armour
 55711 | Elf:3    | Got a bound bronze amulet
 55713 | Elf:3    | Got a scintillating platinum ring
 55718 | Elf:3    | Got a sparkling tin ring
 55722 | Elf:3    | Got a polished helmet
 55740 | Elf:3    | Got a shimmering cloak
 55752 | Elf:3    | Identified Sif Muna's Papyrus of Feathery Moulding
 55779 | Elf:3    | Identified the Handbook of Aid and Beguiling
 55784 | Elf:3    | Identified the amulet of Jiysyall {Faith MP+9} (You found it on level 3 of the Elven Halls)
 55786 | Elf:3    | Identified the ring of the Wary Beds {rF- rC+ Int+4 Stlth+} (You found it on level 3 of the Elven Halls)
 55788 | Elf:3    | Identified the ring "Lirriok" {+Blink Slay+3} (You found it on level 3 of the Elven Halls)
 55799 | Elf:3    | Identified the +2 cloak "Inu Feha" {Str+6 Slay-4} (You found it on level 3 of the Elven Halls)
 55815 | Elf:3    | Identified the +8 plate armour of Xaug {Int+7} (You found it on level 3 of the Elven Halls)
 55825 | Elf:3    | Identified the cursed +0 helmet of the Sky {rF+ Int+2 Dex+4} (You found it on level 3 of the Elven Halls)
 55836 | Elf:3    | Got a translucent broad axe
 55843 | Elf:3    | Identified the +7 broad axe "Myazyjif" {speed, +Rage rPois Str+2 Int+7} (You found it on level 3 of the Elven Halls)
 56632 | Orc:2    | Bought the ring of Idealism {Fire Int+5} for 680 gold pieces
 56794 | D:12     | Bought a smoking scale mail for 261 gold pieces
 56794 | D:12     | Identified the cursed +1 scale mail of Xomiwn {Dex+4} (You bought it in a shop on level 12 of the Dungeon)
 57338 | Slime:1  | Entered Level 1 of the Pits of Slime
 57750 | Slime:4  | Gained mutation: You are very clumsy. (Dex -4) [a shining eye]
 57762 | Slime:4  | Received a gift from Okawaru
 57894 | Slime:5  | Entered Level 5 of the Pits of Slime
 58059 | Slime:5  | Noticed the Royal Jelly
 58063 | Slime:5  | Killed the Royal Jelly
 58612 | Slime:5  | Received a gift from Okawaru
 58693 | Slime:5  | Got an ebony war axe {god gift}
 58694 | Slime:5  | Identified the +4 war axe "Oxzel" {flame, rElec rC- Int+2} (Okawaru gifted it to you on level 5 of the Pits of Slime)
 58770 | Slime:5  | Got a slimy rune of Zot
 58786 | Slime:5  | Got a faintly glowing tin ring
 58909 | Slime:5  | Identified the cursed ring "Dihuatz" {MR+ Str+5 Int+4 Dex-3} (You found it on level 5 of the Pits of Slime)
 59530 | D:6      | Fell from the grace of Okawaru
 59530 | D:6      | Became a worshipper of Makhleb the Destroyer
 59773 | Vaults:5 | Entered Level 5 of the Vaults
 59774 | Vaults:5 | Reached skill level 5 in Conjurations
 59775 | Vaults:5 | Reached * piety under Makhleb
 59889 | Vaults:4 | Upgraded the game from 0.22-a0-91-g23542c2 to 0.22-a0-93-g6b88ebb
 59894 | Vaults:5 | Reached XP level 27. HP: 235/235 MP: 40/47
 59898 | Vaults:5 | Noticed Nicocat's ghost (veteran TeAE)
 59898 | Vaults:5 | Noticed rjrrt's ghost (veteran HOBe)
 60267 | Vaults:5 | Killed Nicocat's ghost
 60401 | Vaults:5 | Reached ** piety under Makhleb
 60807 | Vaults:5 | Noticed an ancient lich
 60830 | Vaults:4 | Killed an ancient lich
 61109 | Vaults:5 | Got a steaming morningstar {flame}
 61123 | Vaults:5 | Reached *** piety under Makhleb
 61130 | Vaults:5 | Identified the +4 morningstar of Slime {flame, SInv} (You took it off a deep elf high priest on level 5 of the Vaults)
 61559 | Vaults:5 | Reached skill level 10 in Ice Magic
 61567 | Vaults:5 | Found Liorphir's Food Boutique.
 61581 | Vaults:5 | Found Ubran's Food Emporium.
 61631 | Vaults:5 | Killed rjrrt's ghost
 61662 | Vaults:5 | Found Qobovyump's Food Shoppe.
 61706 | Vaults:5 | Got a silver rune of Zot
 61902 | Vaults:5 | Identified the Handbook of Helpful Ice
 61944 | Vaults:5 | Noticed an ancient lich
 61954 | Vaults:5 | Killed an ancient lich
 61954 | Vaults:5 | Reached **** piety under Makhleb
 62026 | Vaults:5 | Reached skill level 10 in Conjurations
 62034 | Vaults:5 | Found the +4 arc blade {discharge, rElec}
 62064 | Vaults:5 | Got a shimmering scale mail
 62116 | Vaults:5 | Identified the Compendium of the Frostbite and Envenoming
 62129 | Vaults:5 | Identified the +6 scale mail of Exclusion {-Cast rN+ Int+3 Dex+6} (You found it on level 5 of the Vaults)
 62289 | Vaults:5 | Got a jewelled flail {crush}
 62326 | Vaults:5 | Identified the +6 flail of the Hand {crush, rPois rC+ rN+ Stlth+} (You took it off an orc on level 5 of the Vaults)
 62336 | Vaults:5 | Got a scorched copper ring
 62351 | Vaults:5 | Identified the ring "Ypniefyf" {+Fly Int+3} (You took it off a tengu reaver on level 5 of the Vaults)
 62704 | Vaults:5 | Bought a ration for 50 gold pieces
 62704 | Vaults:5 | Bought a ration for 50 gold pieces
 62704 | Vaults:5 | Bought a ration for 50 gold pieces
 62704 | Vaults:5 | Bought a ration for 50 gold pieces
 62704 | Vaults:5 | Bought a ration for 50 gold pieces
 62704 | Vaults:5 | Bought a ration for 50 gold pieces
 62704 | Vaults:5 | Bought a ration for 50 gold pieces
 62704 | Vaults:5 | Bought a ration for 50 gold pieces
 62704 | Vaults:5 | Bought a ration for 50 gold pieces
 62704 | Vaults:5 | Bought a ration for 50 gold pieces
 62880 | Crypt:1  | Entered Level 1 of the Crypt
 63064 | Crypt:1  | Reached ***** piety under Makhleb
 63178 | Crypt:1  | Noticed Frederick
 63194 | Crypt:1  | Killed Frederick
 64878 | Crypt:3  | Entered Level 3 of the Crypt
 65156 | Crypt:3  | Found an ancient bone altar of Kikubaaqudgha.
 65312 | Crypt:3  | Found the +7 great mace "Undeadhunter" {disrupt, rN+}
 65315 | Crypt:3  | Reached ****** piety under Makhleb
 65627 | Crypt:3  | Found a staircase to the Tomb.
 65627 | Crypt:3  | Noticed Khufu
 65640 | Crypt:3  | Killed Khufu
 65881 | Crypt:3  | Identified the Compendium of the Voyage and Unholy Rituals
 66184 | Crypt:3  | Got a steaming morningstar
 66185 | Crypt:3  | Identified the cursed +1 morningstar "Xuanakh" {elec, *Drain rC+ Dex+4 Stlth+} (You found it on level 3 of the Crypt)
 66490 | D:14     | Was forgiven by Okawaru
 66674 | Zig:1    | Entered Level 1 of a ziggurat
 66706 | Zig:2    | Entered Level 2 of a ziggurat
 66765 | Zig:3    | Entered Level 3 of a ziggurat
 66792 | Zig:3    | Got a serpentine granite ring
 66802 | Zig:3    | Identified the ring of Ademuk {Ice *Corrode *Slow MR+++ Int+7} (You found it on level 3 of a ziggurat)
 66804 | Zig:4    | Entered Level 4 of a ziggurat
 66815 | Zig:4    | Got a bound brass ring
 66828 | Zig:4    | Identified the ring "Riew Osh" {rPois rF+ Str+5 Stlth-} (You found it on level 4 of a ziggurat)
 66840 | Zig:5    | Entered Level 5 of a ziggurat
 66873 | Zig:6    | Entered Level 6 of a ziggurat
 66876 | Zig:6    | Found the macabre finger necklace {rN+}
 67024 | Zig:7    | Entered Level 7 of a ziggurat
 67034 | Zig:7    | Found the +7 lajatang of Order {silver, rMut}
 67068 | Zig:7    | Identified the Handbook of Necromancy and Creation
 67077 | Zig:8    | Entered Level 8 of a ziggurat
 67114 | Zig:8    | Identified the Almanac of Duck's Teeth
 67123 | Zig:9    | Entered Level 9 of a ziggurat
 67129 | Zig:9    | Noticed a juggernaut
 67129 | Zig:9    | Noticed a juggernaut
 67130 | Zig:9    | Noticed a juggernaut
 67133 | Zig:9    | Killed a juggernaut
 67134 | Zig:9    | Killed a juggernaut
 67138 | Zig:9    | Killed a juggernaut
 67140 | Zig:9    | Found the +10 dark maul {crush}
 67165 | Zig:9    | Identified the Compendium of Assistive Orientation
 67176 | Zig:9    | Learned a level 8 spell: Controlled Blink
 67179 | Zig:9    | Identified the Volume of the Unstable Compass
 67217 | Zig:10   | Entered Level 10 of a ziggurat
 67242 | Zig:10   | Learned a level 2 spell: Blink
 67265 | Zig:11   | Entered Level 11 of a ziggurat
 67272 | Zig:11   | Reached skill level 15 in Ice Magic
 67308 | Zig:11   | Got a scorched marble ring
 67343 | Zig:11   | Identified the ring "Vuttefitt" {rElec rPois rN+ Int+3 Stlth-} (You found it on level 11 of a ziggurat)
 67378 | Zig:12   | Entered Level 12 of a ziggurat
 67385 | Zig:12   | Noticed an ancient lich
 67394 | Zig:12   | Killed an ancient lich
 67431 | Zig:12   | Reached skill level 5 in Stealth
 67440 | Zig:13   | Entered Level 13 of a ziggurat
 67463 | Zig:13   | Got a bound zirconium amulet
 67478 | Zig:13   | Identified the amulet of Trog's Righteous Anger {Reflect rC+ SH+3} (You found it on level 13 of a ziggurat)
 67480 | Zig:13   | Got a warped shield
 67481 | Zig:13   | Identified the +1 shield of Insurance {Dex+2 Stlth+} (You found it on level 13 of a ziggurat)
 67510 | Zig:14   | Entered Level 14 of a ziggurat
 67520 | Zig:14   | Noticed Baoxij the pandemonium lord
 67520 | Zig:14   | Noticed Massukk the pandemonium lord
 67521 | Zig:14   | Reached skill level 15 in Conjurations
 67555 | Zig:14   | Killed Massukk the pandemonium lord
 67569 | Zig:14   | Killed Baoxij the pandemonium lord
 67579 | Zig:14   | Got a dazzling chain mail
 67589 | Zig:14   | Identified the +5 chain mail "Ruuxtopp" {rF+ rCorr Int-2 Dex+4} (You found it on level 14 of a ziggurat)
 67592 | Zig:14   | Got a smoking pewter ring
 67593 | Zig:14   | Identified the ring "Null" {+Inv MR+ Dex-4 SInv} (You found it on level 14 of a ziggurat)
 67595 | Zig:14   | Identified Qenwoumo's Almanac of Attacks
 67598 | Zig:14   | Got a coiled wooden ring
 67599 | Zig:14   | Identified the ring "Zocvoq" {rPois rF+ rC- Str+2 Int+3} (You found it on level 14 of a ziggurat)
 67609 | Zig:14   | Identified the Handbook of Protection and Weightlessness
 67695 | Zig:15   | Entered Level 15 of a ziggurat
 67703 | Zig:15   | Reached skill level 10 in Stealth
 67736 | Zig:15   | Got a shimmering ring mail
 67737 | Zig:15   | Identified the +3 ring mail "Alaisoexua" {Str+3 Int-3} (You found it on level 15 of a ziggurat)
 67755 | Zig:15   | Got a slimy crystal plate armour
 67770 | Zig:15   | Identified the +20 crystal plate armour "Koryaxon" {MR++ Int+2 Slay-5 Stlth+} (You found it on level 15 of a ziggurat)
 67794 | Zig:16   | Entered Level 16 of a ziggurat
 67854 | Zig:16   | Got a wavering lead amulet
 67856 | Zig:16   | Identified the amulet "Ichecoh" {+Fly Regen+} (You found it on level 16 of a ziggurat)
 67866 | Zig:16   | Got a spiked plate armour
 67882 | Zig:16   | Identified the +9 plate armour of Akkouz {rC+} (You found it on level 16 of a ziggurat)
 67888 | Zig:16   | Got a heavily runed crystal plate armour
 67894 | Zig:16   | Identified the +14 crystal plate armour of the Black Moon {*Contam +Inv rF+++ Str-2} (You found it on level 16 of a ziggurat)
 67910 | Zig:16   | Gained mutation: You expend magic power (3 MP) to strengthen your wands. [mutagenic glow]
 67912 | Zig:16   | Lost mutation: You are very clumsy. (Dex -4) [potion of mutation]
 67912 | Zig:16   | Lost mutation: You are clumsy. (Dex -2) [potion of mutation]
 67912 | Zig:16   | Lost mutation: You are robust. (+10% HP) [potion of mutation]
 67912 | Zig:16   | Lost mutation: You expend magic power (3 MP) to strengthen your wands. [potion of mutation]
 67912 | Zig:16   | Gained mutation: You have sharp fingernails. [potion of mutation]
 67912 | Zig:16   | Gained mutation: Your spells are a little harder to cast, but a little more powerful. [potion of mutation]
 67912 | Zig:16   | Gained mutation: Your spells are harder to cast, but more powerful. [potion of mutation]
 67926 | Zig:17   | Entered Level 17 of a ziggurat
 67965 | Zig:17   | Identified the Grimoire of Battle Magic
 68019 | Zig:18   | Entered Level 18 of a ziggurat
 68029 | Zig:18   | Noticed an ancient lich
 68031 | Zig:18   | Noticed an ancient lich
 68034 | Zig:18   | Killed an ancient lich
 68035 | Zig:18   | Killed an ancient lich
 68065 | Zig:18   | Identified Unuimn's Disquisition on Excruciating Contamination
 68157 | Zig:19   | Entered Level 19 of a ziggurat
 68167 | Zig:19   | Found the +8 longbow "Zephyr" {speed, Dex+3 SInv}
 68167 | Zig:19   | Paralysed by accursed screaming for 1 turns
 68223 | Zig:19   | Got a smelly scale mail
 68228 | Zig:19   | Identified the +6 scale mail of Liliurghouro {Str+8 Int-2} (You found it on level 19 of a ziggurat)
 68230 | Zig:19   | Got a pair of fine boots
 68240 | Zig:19   | Identified the Guide on Changing and Weightlessness
 68263 | Zig:19   | Identified the -2 pair of boots "Vucoz" {+Blink} (You found it on level 19 of a ziggurat)
 68328 | Zig:20   | Entered Level 20 of a ziggurat
 68384 | Zig:20   | Got a glittering amber ring
 68385 | Zig:20   | Identified the ring of Rede {rPois rC++ MR+} (You found it on level 20 of a ziggurat)
 68393 | Zig:20   | Identified Citares's Volume of Illusion and the Volcanoes
 68436 | Zig:21   | Entered Level 21 of a ziggurat
 68443 | Zig:21   | Noticed an ancient lich
 68450 | Zig:21   | Killed an ancient lich
 68794 | Zig:22   | Entered Level 22 of a ziggurat
 68807 | Zig:22   | Found the +9 heavy crossbow "Sniper" {velocity, Acc+∞ SInv}
 68808 | Zig:22   | Found the cursed necklace of Bloodlust {*Rage +Rage MR++ Int-3 Slay+6 *Curse}
 68808 | Zig:22   | Found the ring of Robustness {AC+8}
 68919 | Zig:22   | Identified the Volume of Conjuration and Sinister Arts
 68951 | Zig:22   | Got a warped wooden ring
 68952 | Zig:22   | Identified the ring "Loet" {Fire rPois rN+ Str-3 Int+2} (You found it on level 22 of a ziggurat)
 68983 | Zig:22   | Got a spiked helmet
 68984 | Zig:22   | Identified the +1 helmet of the Disturbing Runes {SInv Stlth+} (You found it on level 22 of a ziggurat)
 69009 | Zig:23   | Entered Level 23 of a ziggurat
 69023 | Zig:23   | Found the amulet of the Air {Inacc +Fly rElec EV+5 RMsl}
 69025 | Zig:23   | Found the +0 mask of the Dragon {MR+ Slay+3 SInv}
 69193 | Zig:23   | Identified the Catalogue of Transformation and the Traveller
 69206 | Zig:23   | Got a pair of warped boots
 69207 | Zig:23   | Identified the cursed +0 pair of boots of Lifelessness {Int+4} (You found it on level 23 of a ziggurat)
 69284 | Zig:24   | Entered Level 24 of a ziggurat
 69347 | Zig:24   | Identified the Catalogue of Harmful Earth
 69363 | Zig:24   | Identified the Guide on Unstable Battle Magic
 69384 | Zig:24   | Identified the ring of Kynowuap {Ice +Inv Slay-3 Stlth+} (You found it on level 24 of a ziggurat)
 69391 | Zig:25   | Entered Level 25 of a ziggurat
 69401 | Zig:25   | Noticed Ligimor the pandemonium lord
 69418 | Zig:25   | Killed Ligimor the pandemonium lord
 69526 | Zig:25   | Identified Sif Muna's Papyrus of Flames
 69570 | Zig:25   | Got a shimmering scale mail
 69571 | Zig:25   | Identified the cursed +1 scale mail of Congoet {Dex+3} (You found it on level 25 of a ziggurat)
 69575 | Zig:26   | Entered Level 26 of a ziggurat
 69592 | Zig:26   | Found the +5 robe of Night {Dark MR+ SInv}
 69592 | Zig:26   | Found the +2 shield of Resistance {rF+ rC+ MR+}
 69598 | Zig:26   | Found the +0 sword of Power
 69696 | Zig:27   | Entered Level 27 of a ziggurat
 69880 | Zig:27   | Got a pair of spiked boots
 69904 | Zig:27   | Identified the Papyrus of the Lethal Escort
 69907 | Zig:27   | Identified the +0 pair of boots of Ydebaota {Dex+4} (You found it on level 27 of a ziggurat)
 69911 | Zig:27   | Identified Pecil's Incunabulum of Attacks
 69920 | Zig:27   | Got a pair of fine gloves
 69972 | Zig:27   | Identified the cursed +0 pair of gloves of Rosepeoh {MR+} (You found it on level 27 of a ziggurat)
 70035 | Zig:1    | Entered Level 1 of a ziggurat
 70056 | Zig:2    | Entered Level 2 of a ziggurat
 70114 | Zig:3    | Entered Level 3 of a ziggurat
 70132 | Zig:3    | Identified the Grimoire of Contamination and Snow
 70150 | Zig:4    | Entered Level 4 of a ziggurat
 70216 | Zig:5    | Entered Level 5 of a ziggurat
 70253 | Zig:5    | Got a warped bronze ring
 70255 | Zig:5    | Identified the Almanac of Translocation and Contamination
 70260 | Zig:5    | Identified the ring of the Gloaming {rF+ Int+2 Dex-5 Stlth+} (You found it on level 5 of a ziggurat)
 70270 | Zig:6    | Entered Level 6 of a ziggurat
 70299 | Zig:6    | Identified the Handbook of the Entourage and Boosts
 70306 | Zig:6    | Got an encrusted cloak
 70311 | Zig:6    | Identified the +0 cloak "Ohofoi Dosa" {rN+ MR+ Stlth+} (You found it on level 6 of a ziggurat)
 70324 | Zig:7    | Entered Level 7 of a ziggurat
 70382 | Zig:7    | Got a twitching amber ring
 70383 | Zig:7    | Identified the ring "Fydesera" {+Blink rF- MP+9 Str+2} (You found it on level 7 of a ziggurat)
 70408 | Zig:8    | Entered Level 8 of a ziggurat
 70477 | Zig:9    | Entered Level 9 of a ziggurat
 70508 | Zig:9    | Identified the Guide on Heat and the Traveller
 70512 | Zig:9    | Learned a level 1 spell: Apportation
 70577 | Zig:10   | Entered Level 10 of a ziggurat
 70613 | Zig:10   | Got a faintly glowing scale mail
 70620 | Zig:10   | Got a clouded bronze ring
 70625 | Zig:10   | Identified the +4 scale mail of the Castellan {rN+ Int+2 Dex+2 SInv} (You found it on level 10 of a ziggurat)
 70628 | Zig:10   | Identified the ring "Xuapre Tada" {rC+ Str+3} (You found it on level 10 of a ziggurat)
 70633 | Zig:11   | Entered Level 11 of a ziggurat
 70637 | Zig:11   | Noticed Cuemnafi the pandemonium lord
 70638 | Zig:11   | Noticed Vawaur the pandemonium lord
 70638 | Zig:11   | Noticed Kyhig the pandemonium lord
 70639 | Zig:11   | Cast into level 3 of the Abyss (Cuemnafi)
 70728 | Zig:11   | Escaped the Abyss
 70746 | Zig:11   | Killed Vawaur the pandemonium lord
 70760 | Zig:11   | Killed Cuemnafi the pandemonium lord
 70760 | Zig:11   | Reached skill level 15 in Stealth
 70765 | Zig:11   | Killed Kyhig the pandemonium lord
 70921 | Zig:12   | Entered Level 12 of a ziggurat
 70927 | Zig:12   | Noticed Foadog the pandemonium lord
 70928 | Zig:12   | Noticed Ybeoqot the pandemonium lord
 70928 | Zig:12   | Noticed Liopp the pandemonium lord
 70928 | Zig:12   | Noticed Feocvem the pandemonium lord
 70928 | Zig:12   | Noticed Lucerch the pandemonium lord
 70931 | Zig:12   | Killed Ybeoqot the pandemonium lord
 70934 | Zig:12   | Killed Foadog the pandemonium lord
 70948 | Zig:12   | Killed Lucerch the pandemonium lord
 70951 | Zig:12   | Killed Liopp the pandemonium lord
 70966 | Zig:12   | Killed Feocvem the pandemonium lord
 71086 | Zig:12   | Got a transparent bronze amulet
 71091 | Zig:12   | Got a sparkling copper ring
 71105 | Zig:12   | Identified the amulet "Tebit" {Spirit *Corrode rC+++ MR- Dex+5} (You found it on level 12 of a ziggurat)
 71107 | Zig:12   | Got an ancient iron ring
 71120 | Zig:12   | Identified the ring of Uthrig {rC+ Dex+4 Stlth+} (You found it on level 12 of a ziggurat)
 71123 | Zig:12   | Identified the ring of Pyromania {rC+ EV+2} (You found it on level 12 of a ziggurat)
 71163 | Zig:13   | Entered Level 13 of a ziggurat
 71163 | Zig:13   | Noticed zxkuqyb's ghost (legendary MiBe)
 71266 | Zig:13   | Killed zxkuqyb's ghost
 71294 | Zig:13   | Got a wavering turquoise ring
 71316 | Zig:13   | Identified the ring "Nibite" {AC+1 Str+3} (You found it on level 13 of a ziggurat)
 71318 | Zig:13   | Got a translucent granite ring
 71320 | Zig:13   | Identified the ring "Wiseaj" {*Slow MP+9 Str+2 Int+7 Stlth+} (You found it on level 13 of a ziggurat)
 71350 | Zig:14   | Entered Level 14 of a ziggurat
 71423 | Zig:14   | Identified the Collected Works on Hurtful Transmutation
 71469 | Zig:15   | Entered Level 15 of a ziggurat
 71477 | Zig:15   | Noticed Liel the pandemonium lord
 71502 | Zig:15   | Killed Liel the pandemonium lord
 71502 | Zig:15   | Reached skill level 27 in Fire Magic
 71772 | Zig:16   | Entered Level 16 of a ziggurat
 71842 | Zig:16   | Identified the Disquisition on Transmutation
 71851 | Zig:16   | Learned a level 6 spell: Statue Form
 71936 | Zig:16   | Reached skill level 27 in Spellcasting
 71942 | Zig:17   | Entered Level 17 of a ziggurat
 71954 | Zig:17   | Found the ring of the Octopus King
 72015 | Zig:17   | Learned a level 9 spell: Glaciate
 72025 | Zig:17   | Learned a level 9 spell: Fire Storm
 72034 | Zig:17   | Learned a level 8 spell: Lehudib's Crystal Spear
 72044 | Zig:17   | Identified Hohug's Grimoire of the Twelve Seas
 72057 | Zig:17   | Got spiked pearl dragon scales
 72083 | Zig:17   | Got a ring of the Octopus King
 72107 | Zig:17   | Identified the +9 pearl dragon scales of Heresy {rElec rN+ Int+5} (You found it on level 17 of a ziggurat)
 72134 | Zig:17   | Identified a ring of the Octopus King {Wiz AC+1 EV+1 Str+1 Int+1 Dex+1} (You found it on level 17 of a ziggurat)
 72177 | Zig:18   | Entered Level 18 of a ziggurat
 72187 | Zig:18   | Found the +7 great mace "Firestarter" {inner flame, rF++}
 72212 | Zig:18   | Identified the Catalogue of Icy Contamination
 72225 | Zig:18   | Got a twitching bronze ring
 72227 | Zig:18   | Identified Sif Muna's Tome of Intoxication and Shape Shifting
 72230 | Zig:18   | Got a brightly glowing lead ring
 72268 | Zig:18   | Identified the ring "Umuin" {rElec MR+++ MP+9 Int+4 Dex-3} (You found it on level 18 of a ziggurat)
 72270 | Zig:18   | Identified the ring "Cogungogg" {Slay+5 Stlth+} (You found it on level 18 of a ziggurat)
 72278 | Zig:19   | Entered Level 19 of a ziggurat
 72285 | Zig:19   | Noticed Nalyuhoel the pandemonium lord
 72289 | Zig:19   | Killed from afar by a blizzard demon

Vault maps used:
D:1:      dpeg_arrival_water_temple_mockup, serial_corexii_hall,
          corexii_hall_statues_x, corexii_hall_statues_s,
          corexii_hall_statues_l, corexii_hall_statues_l,
          corexii_hall_statues_l, corexii_hall_statues_i, minmay_pentomino_z2
D:2:      kennysheep_okawaru_gauntlet
D:3:      uniq_jessica
D:4:      kennysheep_big_empty_room, nicolae_dithmenos_the_darkroom,
          uniq_crazy_yiuf_cottage
D:5:      wad_river_or_something, fedhas_altar_3, ashenzari_altar_1,
          first_ration, uniq_menkaure, uniq_duvessa
D:6:      grunt_temple_overflow_champion_of_chaos, minmay_temple_entry_glass,
          st_stairs_6
D:7:      kennysheep_mini_moat, gammafunk_temple_overflow_elements
D:8:      grunt_temple_overflow_cloverleaf, overflow_temple_1_default
D:9:      orc_0_dummy, serial_shops, shop, uniq_erica
D:10:     uniq_erolcha
D:11:     dpeg_lair_monsters, grunt_tengu_nest
D:12:     hangedman_cross_cluster, serial_shops,
          nicolae_shop_temple_entry_statues_fountains, portal_ice_cave_rime,
          uniq_josephine
D:13:     kennysheep_treasure_stockpile, serial_bayou_pond_a
D:14:     lightli_vaults_fourway_checkpoint, solitary_fountain, enter_bailey_2,
          uniq_louise
D:15:     hangedman_depths_entry_try_elsewhere_first, minivault_16,
          guppyfry_shop_venom
Temple:   compressed_dpeg_triangle_lava_temple
Lair:3:   minmay_shoals_entry_lonely_mermaid, uniq_fannar
Lair:4:   nicolae_spider_entry_non_spiders, serial_forest,
          infiniplex_forest_lined_2, infiniplex_forest_end_2,
          infiniplex_forest_straight_2, infiniplex_forest_clump_diagonal,
          infiniplex_forest_end_1, infiniplex_forest_end_1,
          infiniplex_forest_lined_2, infiniplex_forest_lined_corner,
          infiniplex_forest_clump_double, infiniplex_forest_pool, uniq_urug
Lair:5:   minivault_29
Lair:6:   minmay_lair_end_frog_pond, slime_altar_2,
          nicolae_quartered_pool_little
Shoals:1: cheibrodos_shoals_three_sisters
Shoals:2: cheibrodos_shoals_gigantism, serial_shops, shop_coins
Shoals:3: nicolae_shoals_flooded_hall, uniq_polyphemus, uniq_bai_suzhen,
          uniq_roxanne
Shoals:4: shoals_end_grunt_garden, shoals_ilsuiw_ice
Spider:2: spider_trap
Spider:3: lemuel_spider_zombies, nicolae_spider_webbed_stairs
Spider:4: spider_rune_water, nicolae_spider_cling_ruins
Slime:1:  nicolae_slime_phagocytosis
Orc:1:    giant_chief_lemuel, nicolae_orc_damp_corner
Orc:2:    grunt_orc_cross
Elf:1:    kennysheep_underground_church
Elf:3:    minmay_elf_hall_curves
Vaults:1: nicolae_vaults_little_squares_6, v_misc_16, v_misc_17,
          nicolae_vaults_shelves_hall, hangedman_vaults_maws,
          vaults_room_door_ring, hangedman_vaults_slither, v_misc_11,
          v_pattern_1, vaults_room_pools, uniq_asterion
Vaults:2: ontoclasm_vaults_idyll, hangedman_vaults_hat, v_misc_5,
          vaults_mumra_hexcomb, ontoclasm_vaults_decontamination,
          ontoclasm_vaults_twist, v_rooms_1, vaults_room_pools,
          nicolae_vaults_three_branches, hangedman_vaults_maws,
          minmay_crypt_entry_nasty_monster, grunt_vaults_hallway_short,
          uniq_aizul
Vaults:3: ontoclasm_vaults_water_temple, v_misc_2, vaults_room_corners,
          v_misc_22, v_misc_17, nicolae_vaults_network_square,
          grunt_vaults_swirl, nicolae_vaults_stairing_the_circle,
          hangedman_vaults_slice, vaults_room_ringed_pool, v_misc_25,
          uniq_donald, uniq_xtahua
Vaults:4: v_misc_27, vaults_room_pool, nicolae_vaults_network_periphery,
          nicolae_vaults_specimen_jars, v_misc_3,
          nicolae_vaults_branching_niches, grunt_vaults_hallway_long,
          vaults_room_fancy_cross, v_misc_26
Crypt:1:  grunt_megastairs_2, uniq_frederick
Crypt:3:  grunt_crypt_end_deaths_head
Depths:1: enter_ziggurat_f, patterned_corridor, hangedman_coc_ice_floe,
          interstate_on_off, st_stairs_13, kennysheep_kite_vault,
          serial_bayou_shore_b, serial_bayou_shore_b
Depths:2: minmay_concentric_multi, hell_entry, serial_corexii_hall,
          corexii_hall_statues_t, corexii_hall_statues_i, uniq_sojobo,
          uniq_saint_roka
Depths:3: due_jory_tower, minmay_misc_feat_encased, abyss_entry,
          rand_demon_pan_entry_5, grunt_hell_entry_dis_mu, bh_walls_and_bars,
          serial_bayou_shore_b, infiniplex_staircase_zigzag_2
Depths:4: minmay_five_octagons, hell_entry, abyss_entry, kennysheep_minor_cross,
          uniq_margery
Depths:5: grunt_zot_entry_funnels, hell_entry, abyss_entry, nrook_pool_corridor
Abyss:3:  due_exit_kobolds, hangedman_abyss_or_decor_stabs
Zig:3:    ziggurat_pillar_centre_c
Zig:6:    ziggurat_pillar_centre_oklobs
Zig:10:   ziggurat_pillar_centre_dead_trees
Zig:21:   ziggurat_pillar_centre_drop
Zig:22:   ziggurat_pillar_centre_more_plants
Zig:23:   ziggurat_pillar_centre_smoke
Bailey:   bailey_axe_bossmonster_kennysheep, bailey

Skill      XL: |  1  2  3  4  5  6  7  8  9 10 11 12 13 14 15 16 17 18 19 20 21 22 23 24 25 26 27 |
---------------+----------------------------------------------------------------------------------+-----
Armour         | 1 2 3 4 5 7 9 10 11 12 13 14 15 16 17 18 | 18.6
Fighting       | 4 5 6 8 9 11 12 13 14 15 16 17 18 | 18.6
Dodging        | 4 5 6 7 8 10 11 12 13 14 15 16 17 18 | 18.4
Axes           | 4 5 6 7 8 10 11 12 13 14 15 16 17 18 | 18.3
Invocations    | 1 2 4 5 7 9 |  9.6
Spellcasting   | 1 4 6 7 8 9 10 11 12 13 15 16 17 19 20 27 | 27.0
Shields        | 5 9 10 12 13 15 16 17 22 | 22.0
Ice Magic      | 5 6 25 | 25.9
Conjurations   | 4 5 24 | 24.9
Fire Magic     | 8 13 17 19 21 27 | 27.0
Stealth        | 16 | 16.5

Action                   |  1- 3 |  4- 6 |  7- 9 | 10-12 | 13-15 | 16-18 | 19-21 | 22-24 | 25-27 || total
-------------------------+-------+-------+-------+-------+-------+-------+-------+-------+-------++-------
Melee: Dagger            |   127 |    47 |       |       |       |       |       |       |       ||   174
       Hand axe          |       |   176 |       |       |       |    56 |       |       |       ||   232
       Spear             |       |     7 |       |       |       |       |       |       |       ||     7
       Mace              |       |    23 |   253 |   475 |       |       |       |       |       ||   751
       Punch             |       |       |     2 |     5 |     6 |       |       |       |       ||    13
       Executioner's axe |       |       |       |   131 |   502 |       |       |       |       ||   633
       Scimitar          |       |       |       |       |    26 |       |       |       |       ||    26
       Broad axe         |       |       |       |       |    57 |   152 |  1743 |  1676 |  3017 ||  6645
       War axe           |       |       |       |       |   187 |   743 |       |       |       ||   930
       Morningstar       |       |       |       |       |       |       |       |       |    21 ||    21
Throw: Javelin           |       |       |       |       |       |       |    55 |       |       ||    55
 Cast: Ignition          |       |       |       |       |       |       |       |       |   306 ||   306
Invok: Heroism           |       |     5 |     6 |    14 |    22 |    14 |    25 |    25 |    16 ||   127
       Finesse           |       |       |       |     1 |       |     1 |     1 |       |     1 ||     4
 Abil: Hop               |     1 |     1 |     3 |     3 |     5 |     2 |     3 |     1 |    30 ||    49
Evoke: Wand              |       |     5 |    10 |     8 |       |     1 |     9 |     1 |       ||    34
       Figurine of a zig |       |       |       |       |       |       |       |       |     1 ||     1
  Use: Scroll            |       |     8 |     1 |     9 |    11 |     8 |     9 |     6 |    48 ||   100
       Potion            |       |     1 |     2 |     3 |     4 |     1 |       |       |    51 ||    62
 Stab: Sleeping          |     1 |     2 |     1 |       |     3 |       |       |       |       ||     7
       Distracted        |       |     1 |       |       |     2 |       |       |     1 |     1 ||     5
       Invisible         |       |       |     1 |       |       |       |       |       |     8 ||     9
       Confused          |       |       |       |     2 |       |       |       |       |       ||     2
       Petrified         |       |       |       |       |       |     2 |       |       |       ||     2
       Petrifying        |       |       |       |       |       |     1 |       |       |       ||     1
       Held in net/web   |       |       |       |       |       |       |     1 |       |       ||     1
  Eat: Chunk             |       |     7 |     6 |    20 |    30 |    15 |    30 |    24 |    28 ||   160
       Ration            |       |     1 |     4 |     1 |     1 |     2 |     4 |     5 |    14 ||    32
Armor: Robe              |    54 |    31 |       |       |       |       |       |       |       ||    85
       Chain mail        |       |   102 |     6 |       |       |       |       |       |       ||   108
       Scale mail        |       |       |   106 |   248 |   271 |       |       |       |       ||   625
       Plate armour      |       |       |       |       |    20 |   162 |       |       |   736 ||   918
       Crystal plate arm |       |       |       |       |       |   255 |   840 |   661 |   291 ||  2047
       Pearl dragon scal |       |       |       |       |       |       |       |       |    11 ||    11
Dodge: Dodged            |   127 |   123 |   206 |   723 |   973 |   527 |  1070 |   763 |  1177 ||  5689
Block: Shield            |       |       |       |       |    81 |   728 |  2136 |   765 |  1265 ||  4975
       Reflection        |       |       |       |       |       |       |   184 |    72 |    42 ||   298
       Large shield      |       |       |       |       |       |       |       |   692 |   788 ||  1480
       Rpst.: Scimitar   |       |       |       |       |    15 |       |       |       |       ||    15

Table legend:
 A = Spawn XP
 B = Non-spawn XP
 C = Spawn XP percentage of total XP
 D = Spawn monster count
 E = Non-spawn monster count
 F = Spawn count percentage of total count
 G = Total turns spent on level
                    A         B        C        D         E        F      G
               +---------+---------+-------+---------+---------+-------+---------
         Total |    5417 | 3000169 |   0.2 |       9 |    3951 |   0.2 | 72289
               +---------+---------+-------+---------+---------+-------+---------
           D:1 |       0 |      41 |   0.0 |       0 |      21 |   0.0 |   787
           D:2 |       0 |     102 |   0.0 |       0 |      30 |   0.0 |  1160
           D:3 |       0 |     212 |   0.0 |       0 |      30 |   0.0 |   928
           D:4 |       0 |     404 |   0.0 |       0 |      11 |   0.0 |  1402
           D:5 |       0 |     847 |   0.0 |       0 |      26 |   0.0 |  1511
           D:6 |       0 |     524 |   0.0 |       0 |      24 |   0.0 |   622
           D:7 |       0 |     632 |   0.0 |       0 |      12 |   0.0 |   677
           D:8 |       0 |    2654 |   0.0 |       0 |      34 |   0.0 |  1732
           D:9 |       0 |    4285 |   0.0 |       0 |      32 |   0.0 |  1135
          D:10 |       0 |    5460 |   0.0 |       0 |      29 |   0.0 |  1242
          D:11 |       0 |    8009 |   0.0 |       0 |      47 |   0.0 |  1815
          D:12 |       0 |   12254 |   0.0 |       0 |      54 |   0.0 |   880
          D:13 |       0 |   19335 |   0.0 |       0 |      61 |   0.0 |  1400
          D:14 |       0 |   17967 |   0.0 |       0 |      49 |   0.0 |  1696
          D:15 |       0 |   16098 |   0.0 |       0 |      41 |   0.0 |  1299
        Temple |       0 |     115 |   0.0 |       0 |       2 |   0.0 |   353
        Lair:1 |       0 |    5907 |   0.0 |       0 |      19 |   0.0 |  1770
        Lair:2 |       0 |    3187 |   0.0 |       0 |       8 |   0.0 |   928
        Lair:3 |       0 |    9001 |   0.0 |       0 |      40 |   0.0 |  1284
        Lair:4 |       0 |    7634 |   0.0 |       0 |      39 |   0.0 |  1397
        Lair:5 |       0 |   19640 |   0.0 |       0 |      82 |   0.0 |  3006
        Lair:6 |       0 |   20286 |   0.0 |       0 |      76 |   0.0 |   948
      Shoals:1 |       0 |   17203 |   0.0 |       0 |      27 |   0.0 |   982
      Shoals:2 |       0 |   14670 |   0.0 |       0 |      17 |   0.0 |  1118
      Shoals:3 |       0 |   41070 |   0.0 |       0 |      59 |   0.0 |  1505
      Shoals:4 |       0 |   39069 |   0.0 |       0 |      67 |   0.0 |  1210
      Spider:1 |       0 |   23404 |   0.0 |       0 |      60 |   0.0 |  1634
      Spider:2 |       0 |   11951 |   0.0 |       0 |      36 |   0.0 |   935
      Spider:3 |       0 |   26569 |   0.0 |       0 |      68 |   0.0 |   735
      Spider:4 |       0 |   38817 |   0.0 |       0 |      96 |   0.0 |  1498
       Slime:1 |       0 |   11854 |   0.0 |       0 |      18 |   0.0 |   220
       Slime:2 |       0 |    5303 |   0.0 |       0 |       7 |   0.0 |   100
       Slime:3 |       0 |    9019 |   0.0 |       0 |      24 |   0.0 |   159
       Slime:4 |       0 |   13957 |   0.0 |       0 |      15 |   0.0 |   596
       Slime:5 |       0 |   50014 |   0.0 |       0 |      58 |   0.0 |   622
         Orc:1 |       0 |   22826 |   0.0 |       0 |      64 |   0.0 |  2479
         Orc:2 |       0 |    3878 |   0.0 |       0 |      35 |   0.0 |   883
         Elf:1 |       0 |   29326 |   0.0 |       0 |      47 |   0.0 |  1043
         Elf:2 |    2209 |   31280 |   6.6 |       1 |      43 |   2.3 |   957
         Elf:3 |       0 |   58166 |   0.0 |       0 |      54 |   0.0 |  1334
      Vaults:1 |       0 |   42805 |   0.0 |       0 |      67 |   0.0 |  1556
      Vaults:2 |       0 |   50371 |   0.0 |       0 |      83 |   0.0 |  1736
      Vaults:3 |       0 |   56515 |   0.0 |       0 |      81 |   0.0 |  1673
      Vaults:4 |       0 |   60268 |   0.0 |       0 |      55 |   0.0 |  2501
      Vaults:5 |       0 |  196616 |   0.0 |       0 |     161 |   0.0 |  2008
       Crypt:1 |       0 |   38043 |   0.0 |       0 |      50 |   0.0 |   999
       Crypt:2 |       0 |   27979 |   0.0 |       0 |      35 |   0.0 |  1040
       Crypt:3 |       0 |   83696 |   0.0 |       0 |     122 |   0.0 |  1463
      Depths:1 |       0 |   57791 |   0.0 |       0 |      66 |   0.0 |  2031
      Depths:2 |       0 |   89416 |   0.0 |       0 |      85 |   0.0 |  1555
      Depths:3 |       0 |   44712 |   0.0 |       0 |      65 |   0.0 |  1579
      Depths:4 |       0 |   59270 |   0.0 |       0 |      59 |   0.0 |  1101
      Depths:5 |       0 |   51240 |   0.0 |       0 |      44 |   0.0 |   889
       Abyss:1 |       0 |     871 |   0.0 |       0 |       2 |   0.0 |    77
       Abyss:3 |    3208 |    3731 |  46.2 |       8 |      13 |  38.1 |   288
         Zig:1 |       0 |    1808 |   0.0 |       0 |       7 |   0.0 |    53
         Zig:2 |       0 |    9406 |   0.0 |       0 |       6 |   0.0 |   117
         Zig:3 |       0 |    9517 |   0.0 |       0 |       9 |   0.0 |    75
         Zig:4 |       0 |   15491 |   0.0 |       0 |      14 |   0.0 |   102
         Zig:5 |       0 |   12461 |   0.0 |       0 |      22 |   0.0 |    87
         Zig:6 |       0 |   23879 |   0.0 |       0 |      33 |   0.0 |   205
         Zig:7 |       0 |   30049 |   0.0 |       0 |      26 |   0.0 |   137
         Zig:8 |       0 |   27282 |   0.0 |       0 |      34 |   0.0 |   115
         Zig:9 |       0 |   51430 |   0.0 |       0 |      35 |   0.0 |   194
        Zig:10 |       0 |   31774 |   0.0 |       0 |      57 |   0.0 |   104
        Zig:11 |       0 |   70986 |   0.0 |       0 |      43 |   0.0 |   312
        Zig:12 |       0 |   88287 |   0.0 |       0 |      46 |   0.0 |   304
        Zig:13 |       0 |   71364 |   0.0 |       0 |      58 |   0.0 |   257
        Zig:14 |       0 |   67119 |   0.0 |       0 |      66 |   0.0 |   304
        Zig:15 |       0 |   94359 |   0.0 |       0 |      67 |   0.0 |   402
        Zig:16 |       0 |   87258 |   0.0 |       0 |      97 |   0.0 |   302
        Zig:17 |       0 |   82701 |   0.0 |       0 |      77 |   0.0 |   328
        Zig:18 |       0 |  119237 |   0.0 |       0 |      91 |   0.0 |   239
        Zig:19 |       0 |   44110 |   0.0 |       0 |      56 |   0.0 |   182
        Zig:20 |       0 |   57222 |   0.0 |       0 |      64 |   0.0 |   108
        Zig:21 |       0 |   53003 |   0.0 |       0 |      63 |   0.0 |   358
        Zig:22 |       0 |   43600 |   0.0 |       0 |      59 |   0.0 |   215
        Zig:23 |       0 |   79904 |   0.0 |       0 |      62 |   0.0 |   275
        Zig:24 |       0 |   84803 |   0.0 |       0 |      64 |   0.0 |   107
        Zig:25 |       0 |   92585 |   0.0 |       0 |      68 |   0.0 |   184
        Zig:26 |       0 |   66151 |   0.0 |       0 |      67 |   0.0 |   121
        Zig:27 |       0 |  115872 |   0.0 |       0 |      83 |   0.0 |   301
        Bailey |       0 |    2217 |   0.0 |       0 |      27 |   0.0 |   323
               +---------+---------+-------+---------+---------+-------+---------
